 Dungeon Crawl Stone Soup version 0.20-a0-647-gf178af5 (console) character file.

6000 nht the Cleaver (level 11, -2/75 HPs)
             Began as a Formicid Fighter on Feb 15, 2017.
             Was a High Priest of Okawaru.
             Blown up by Maurice (15 damage)
             ... with a wand of disintegration (?/24)
             ... on level 10 of the Dungeon.
             The game lasted 00:12:31 (7713 turns).

nht the Cleaver (Formicid Fighter)                  Turns: 7713, Time: 00:12:31

Health: -2/75      AC:  9    Str: 24    XL:     11   Next: 10%
Magic:  14/16      EV: 16    Int: 10    God:    Okawaru [*****.]
Gold:   0          SH: 12    Dex: 10    Spells: 10/10 levels left

rFire    . . .     SeeInvis +   a - +1 war axe (freeze)
rCold    . . .     Gourm    .   b - +0 scale mail
rNeg     . . .     Faith    .   c - +1 shield
rPois    .         Spirit   .   (helmet unavailable)
rElec    .         Reflect  .   y - +0 cloak
rCorr    .         Harm     .   (no gloves)
MR       +....                  (no boots)
Stlth    ..........             (no amulet)
Regen    0.3/turn               t - +4 ring of evasion
MPRegen  0.2/turn               p - +3 ring of evasion

@: no status effects
A: permanent stasis, dig shafts and tunnels, four strong arms, antennae 3,
clever 1, shaggy fur 1
a: Dig, Shaft Self, Heroism, Finesse, Renounce Religion


You were on level 10 of the Dungeon.
You worshipped Okawaru.
Okawaru was extremely pleased with you.
You were not hungry.

You visited 2 branches of the dungeon, and saw 11 of its levels.

You collected 374 gold pieces.
You spent 374 gold pieces at shops.

Inventory:

Hand Weapons
 a - a +1 war axe of freezing (weapon)
Missiles
 j - 11 tomahawks
 m - 14 javelins (quivered)
 A - 3 silver tomahawks
 G - 7 poisoned tomahawks
Armour
 b - a +0 scale mail (worn)
 c - a +1 shield (worn)
 y - a +0 cloak (worn)
Jewellery
 p - a +3 ring of evasion (left hand)
 t - a +4 ring of evasion (right hand)
Wands
 q - a wand of random effects (0/48)
 s - a wand of digging (14/24)
Scrolls
 e - a scroll of fear
 l - 7 scrolls of remove curse
 r - a scroll of enchant weapon
 E - 5 scrolls of identify
Potions
 d - a potion of might
 k - a potion of lignification
 n - a potion of flight
 o - 3 potions of magic
 w - a potion of agility
 x - a potion of resistance
 z - 2 potions of curing
 B - a potion of invisibility
 C - a potion of cancellation
 F - a potion of mutation
Books
 u - a book of Cantrips

   Spells                             Type                      Level
   a - Confusing Touch                Hexes                        1
   b - Animate Skeleton               Necromancy                   1
   c - Summon Small Mammal            Summoning                    1
   d - Apportation                    Translocation                1
 D - a book of Changes

   Spells                             Type                      Level
   a - Beastly Appendage              Transmutation                1
   b - Sticks to Snakes               Transmutation                2
   c - Spider Form                    Transmutation/Poison         3
   d - Ice Form                       Ice/Transmutation            4
   e - Blade Hands                    Transmutation                5
 H - a book of Maledictions

   Spells                             Type                      Level
   a - Corona                         Hexes                        1
   b - Ensorcelled Hibernation        Hexes/Ice                    2
   c - Confuse                        Hexes                        3
   d - Tukima's Dance                 Hexes                        3
   e - Dazzling Spray                 Conjuration/Hexes            3
Comestibles
 f - 4 bread rations
 g - 8 meat rations
 h - 21 fruits
 i - 11 royal jellies
 v - 2 chunks of flesh


   Skills:
 - Level 3.2 Fighting
 * Level 13.2 Axes
 - Level 3.2 Armour
 + Level 8.1 Shields
 + Level 6.8 Invocations


You had 10 spell levels left.
You didn't know any spells.

Dungeon Overview and Level Annotations

Branches:
Dungeon (10/15)            Temple (1/1) D:7
   Lair: D:8-11         Orc: D:9-12

Altars:
Cheibriados
Dithmenos
Elyvilon
Fedhas
Gozag
Hepliaklqana
Kikubaaqudgha
Nemelex Xobeh
Okawaru
Qazlal
Ru
Sif Muna
Uskayaw
Vehumet
Xom
Yredelemnul
Zin

Shops:
D:5 !*   D:9 ?

Annotations:
D:8 Pikel
D:10 Maurice


Innate Abilities, Weirdness & Mutations

You cannot be hasted, slowed, berserked, paralysed or teleported.
You can dig through walls and to a lower floor.
Your four strong arms can wield two-handed weapons with a shield.
You have a pair of large antennae on your head. (SInv)
Your mind is acute. (Int +2)
You are covered in fur. (AC +1)


Message History

Okawaru is honoured by your kill.
You can now speed up your combat.
Okawaru will gift you equipment as your piety grows.
The quokka disappears in a puff of smoke!
Your Axes skill increases to level 13!
Your Shields skill increases to level 8!
Your Invocations skill increases to level 6!
You have reached level 11!
Evoke which item? (* to show all) (? for menu, Esc to quit)
Okay, then.
Okay, then.
Maurice casts a spell.
Maurice blinks!
Things that are here:
a hat; the elephant slug corpse of Gastronok Evoke which item? (* to show all) (? for menu, Esc to quit)
Okay, then.
You barely miss Maurice.
Maurice is heavily wounded.
Maurice zaps a wand.
You are blasted!
You die...

.█████.███████.███
.██.██.█ █.......█ █
.█...█.███.███.█§█.█
.....(.....█ █.█.█.█
.█...█.█████ █.....█
.██.██.█ █.█.███
███.██.█ █.█§█
█.██.. ..█@█


█+████ ████@█ █§█ █.█ █.█ ... ... .██ █. You could see Maurice (invisible).

Vanquished Creatures
  Gastronok (D:10)
  The ghost of Soeti the Chopper, a novice DDFi (D:6)
  Prince Ribbit (D:8)
  A hippogriff (D:9)
  A hornet (D:7)
  4 hogs (D:7)
  A human (D:7)
  A hungry ghost (D:9)
  A water moccasin (D:6)
  4 slaves (D:8)
  A sky beast (D:7)
  A black bear (D:7)
  An orc warrior (D:6)
  An ice beast (D:7)
  A necrophage (D:6)
  3 ogres
  A big kobold (D:8)
  A wyvern zombie (D:7)
  A scorpion (D:5)
  An oklob sapling (D:7)
  5 killer bees (D:8)
  A howler monkey (D:5)
  3 centaur zombies
  A bullfrog zombie (D:7)
  3 hounds
  2 crimson imps
  A centaur skeleton (D:8)
  A jelly (D:9)
  3 orc priests
  3 orc wizards
  A bullfrog skeleton (D:4)
  Jessica (D:2)
  5 iguanas
  9 worker ants
  A hound skeleton (D:9)
  3 gnolls (D:4)
  11 adders
  2 shadow imps (D:6)
  2 oozes (D:2)
  2 adder skeletons
  7 worms
  2 dart slugs
  5 leopard geckos
  30 orcs
  A ball python (D:7)
  2 bats
  4 bat zombies (D:4)
  7 giant cockroaches
  9 hobgoblins
  9 jackals
  21 kobolds
  7 quokkas
  3 frilled lizards
  12 goblins
  A leopard gecko skeleton (D:6)
  6 rats
  A plant (D:7)
215 creatures vanquished.

Vanquished Creatures (others)
  A plant (D:3)
1 creature vanquished.

Grand Total: 216 creatures vanquished

Notes
Turn   | Place    | Note
-------+----------+-------------------------------------------
     0 | D:1      | nht the Formicid Fighter began the quest for the Orb.
     0 | D:1      | Reached XP level 1. HP: 18/18 MP: 1/1
    15 | D:1      | Reached XP level 2. HP: 24/24 MP: 2/2
   202 | D:1      | Reached skill level 3 in Axes
   347 | D:1      | Reached XP level 3. HP: 29/29 MP: 3/3
   993 | D:2      | Reached skill level 4 in Axes
   993 | D:2      | Reached XP level 4. HP: 7/35 MP: 4/4
  1007 | D:2      | Noticed Jessica
  1321 | D:2      | Found a hazy altar of Hepliaklqana.
  1342 | D:2      | Found a faded altar of an unknown god.
  1525 | D:2      | Killed Jessica
  1525 | D:2      | Reached XP level 5. HP: 41/41 MP: 5/5
  1868 | D:2      | Reached skill level 5 in Axes
  2036 | D:3      | Found a stormy altar of Qazlal.
  2037 | D:3      | Noticed a fire elemental
  2037 | D:3      | Noticed a water elemental
  2037 | D:3      | Noticed an air elemental
  2139 | D:3      | Gained mutation: You regenerate slowly when monsters are visible. [potion of mutation]
  2139 | D:3      | Lost mutation: You regenerate slowly when monsters are visible. [potion of mutation]
  2139 | D:3      | Gained mutation: Your mind is acute. (Int +2) [potion of mutation]
  2139 | D:3      | Gained mutation: You are covered in fur. (AC +1) [potion of mutation]
  2470 | D:3      | Reached XP level 6. HP: 47/47 MP: 6/6
  2623 | D:4      | Reached skill level 6 in Axes
  2635 | D:4      | Found an iron altar of Okawaru.
  2647 | D:4      | Became a worshipper of Warmaster Okawaru
  2697 | D:4      | Found a sacrificial altar of Ru.
  2709 | D:4      | Found a sparkling altar of Nemelex Xobeh.
  2730 | D:4      | Found a deep blue altar of Sif Muna.
  2816 | D:4      | Found a shadowy altar of Dithmenos.
  2854 | D:4      | Reached XP level 7. HP: 22/52 MP: 7/7
  3053 | D:4      | Reached skill level 7 in Axes
  3254 | D:4      | Found an ancient bone altar of Kikubaaqudgha.
  3320 | D:5      | Entered Level 5 of the Dungeon
  3320 | D:5      | Found Qomu's Distillery.
  3333 | D:5      | Bought a potion of lignification for 42 gold pieces
  3333 | D:5      | Bought a potion of might for 56 gold pieces
  3333 | D:5      | Bought a potion of curing for 42 gold pieces
  3454 | D:5      | Reached skill level 8 in Axes
  3901 | D:5      | Reached * piety under Okawaru
  4065 | D:5      | Reached XP level 8. HP: 53/58 MP: 8/8
  4435 | D:5      | Found Noerphusch's Assorted Antiques.
  4448 | D:5      | Bought a scroll labeled TUSHUTZANIR for 30 gold pieces
  4448 | D:5      | Bought a fizzy puce potion for 27 gold pieces
  4506 | D:6      | Noticed Soeti's ghost (novice DDFi)
  4506 | D:6      | Reached skill level 9 in Axes
  4535 | D:6      | Killed Soeti's ghost
  4535 | D:6      | Reached skill level 10 in Axes
  4540 | D:6      | Reached XP level 9. HP: 63/64 MP: 9/9
  4567 | D:6      | Reached ** piety under Okawaru
  4752 | D:6      | Found a white marble altar of Elyvilon.
  4890 | D:6      | Reached skill level 11 in Axes
  4985 | D:6      | Reached skill level 1 in Invocations
  5390 | D:7      | Found a staircase to the Ecumenical Temple.
  5438 | D:7      | Noticed a hornet
  5451 | D:7      | Killed a hornet
  5451 | D:7      | Reached skill level 5 in Shields
  5530 | D:7      | Reached *** piety under Okawaru
  5547 | D:7      | Reached XP level 10. HP: 70/70 MP: 12/12
  5556 | D:7      | Reached skill level 12 in Axes
  5838 | D:5      | Bought a scroll labeled EXAPAR SUPYMERGH for 30 gold pieces
  5838 | D:5      | Bought a scroll labeled FUIDIO YSINOUD for 30 gold pieces
  5838 | D:5      | Bought a fizzy puce potion for 27 gold pieces
  6180 | D:8      | Reached **** piety under Okawaru
  6191 | D:8      | Reached skill level 5 in Invocations
  6315 | D:8      | Found a glowing silver altar of Zin.
  6315 | D:8      | Found a snail-covered altar of Cheibriados.
  6601 | D:8      | Noticed Pikel
  6777 | D:8      | Noticed Prince Ribbit
  6784 | D:8      | Killed Prince Ribbit
  6972 | Temple   | Entered the Ecumenical Temple
  7203 | D:9      | Found Liqifaec's Magic Scroll Shop.
  7208 | D:9      | Bought a scroll of identify for 30 gold pieces
  7208 | D:9      | Bought a scroll of identify for 30 gold pieces
  7208 | D:9      | Bought a scroll of identify for 30 gold pieces
  7657 | D:10     | Entered Level 10 of the Dungeon
  7689 | D:10     | Noticed Gastronok
  7692 | D:10     | Noticed Maurice
  7711 | D:10     | Killed Gastronok
  7711 | D:10     | Reached ***** piety under Okawaru
  7711 | D:10     | Reached skill level 13 in Axes
  7711 | D:10     | Reached XP level 11. HP: 12/75 MP: 14/16
  7713 | D:10     | Blown up by Maurice

Vault maps used:
D:1:      dpeg_arrival_arbitrary_a
D:2:      overflow_temple_1_default, chequers_ecumenical_altar_simple,
          first_bread, hangedman_decor_points, uniq_jessica
D:3:      nicolae_qazlal_style_of_elements, lexackson_kobold_supper
D:4:      okawaru_metal_pillars_3, nicolae_dithmenos_the_darkroom,
          grunt_temple_overflow_open, lemuel_zombie_altar_kikubaaqudgha
D:5:      serial_shops, nicolae_shop_overgrown_old_shop, shop,
          nrook_pool_corridor
D:6:      elyvilon_altar_5, nicolae_ossuary_entry_plus, dk_vineyard_2
D:7:      minmay_temple_entry_oklob, minmay_liquid_box, grunt_livestock
D:8:      chequers_temple_overflow_statue_of_worship, uniq_prince_ribbit1,
          uniq_pikel
D:9:      serial_shops, nicolae_shop_temple_entry_statues_fountains,
          kennysheep_generic_room_8
D:10:     basic_altar, wad_floor_pattern_2, lightli_elemental_guards,
          uniq_gastronok, uniq_maurice
Temple:   eino_temple_lava

Skill      XL: |  1  2  3  4  5  6  7  8  9 10 |
---------------+-------------------------------+-----
Axes           | 3 4 5 6 8 10 11 13 | 13.2
Shields        | 5 8 |  8.1
Invocations    | 3 6 |  6.8
Fighting       | |  3.2
Armour         | |  3.2

Action                   |  1- 3 |  4- 6 |  7- 9 | 10-12 || total
-------------------------+-------+-------+-------+-------++-------
Melee: War axe           |    85 |   189 |   330 |   195 ||   799
Throw: Javelin           |       |       |    13 |       ||    13
Evoke: Wand              |       |     2 |     8 |       ||    10
  Use: Scroll            |       |     5 |    10 |     5 ||    20
       Potion            |       |     2 |     3 |     3 ||     8
  Eat: Chunk             |       |     7 |     9 |     8 ||    24
       Fruit             |       |       |       |     1 ||     1
Armor: Scale mail        |    35 |    69 |    40 |    26 ||   170
       Skin              |       |       |    50 |     6 ||    56
Dodge: Dodged            |    20 |    60 |   123 |    68 ||   271
Block: Shield            |    43 |   109 |   151 |    79 ||   382
